 Dungeon Crawl Stone Soup version 0.21.0-3-g78d12a8 (console) character file.

12318 removed the Impaler (level 11, 0/89 HPs)
             Began as a Merfolk Air Elementalist on Jan 9, 2018.
             Was an Elder of Dithmenos.
             Slain by a centaur (9 damage)
             ... on level 2 of the Lair of Beasts.
             The game lasted 00:28:52 (17540 turns).

removed the Impaler (Merfolk Air Elementalist)     Turns: 17540, Time: 00:28:52

Health: 0/89       AC:  6    Str: 11    XL:     11   Next: 91%
Magic:  14/14      EV: 20    Int: 15    God:    Dithmenos [****..]
Gold:   650        SH:  0    Dex: 17    Spells: 14/14 levels left

rFire    . . .     SeeInvis .   b - +0 glaive
rCold    . . .     Gourm    .   (shield currently unavailable)
rNeg     . . .     Faith    .   K - +1 leather armour "Laup" {MR+ Str+2}
rPois    .         Spirit   .   (no helmet)
rElec    .         Reflect  .   (no cloak)
rCorr    .         Harm     .   P - +1 pair of gloves
MR       +....                  (no boots)
Stlth    +++.......             (no amulet)
HPRegen  0.24/turn              V - ring of wizardry
MPRegen  0.14/turn              (no ring)

@: wreathed by umbra
A: change form in water, swift swim, stealthy swim
a: Shadow Step, Renounce Religion


You were on level 2 of the Lair of Beasts.
You worshipped Dithmenos.
Dithmenos was greatly pleased with you.
You were hungry.

You visited 2 branches of the dungeon, and saw 13 of its levels.

You collected 650 gold pieces.

Inventory:

Hand Weapons
 a - a +3 spear of piercing
 b - a +0 glaive (weapon)
 d - a +0 spear
 A - a +0 trident
 T - a +0 blowgun
 W - a +0 halberd
 Y - a +0 short sword of venom
Missiles
 I - 8 curare-tipped needles
Armour
 i - a +0 robe
 K - the +1 leather armour "Laup" (worn) {MR+ Str+2}
   (You found it on level 6 of the Dungeon)

   It affects your strength (+2).
   It affects your resistance to hostile enchantments.
 M - a cursed -1 leather armour
 P - a +1 pair of gloves (worn)
Magical Staves
 O - an uncursed staff of fire {unknown}
 X - an uncursed staff of poison {unknown}
Jewellery
 V - a ring of wizardry (left hand)
Wands
 F - a wand of acid (6)
 J - a wand of enslavement (6)
Scrolls
 j - 3 scrolls of enchant armour
 o - a scroll of blinking
 p - 5 scrolls of enchant weapon
 q - 4 scrolls of teleportation
 t - 4 scrolls of amnesia
 u - 5 scrolls of remove curse
 B - 3 scrolls of acquirement {unknown}
 C - a scroll of torment
 E - 4 scrolls of magic mapping
 Z - 6 scrolls of identify
Potions
 e - 2 potions of might
 g - a potion of resistance
 h - 4 potions of curing
 k - a potion of degeneration
 m - a potion of brilliance
 x - a potion of flight
 D - 2 potions of ambrosia {unknown}
 G - 2 potions of haste
 H - 2 potions of mutation
 N - 2 potions of agility
 S - a potion of cancellation
 U - a potion of berserk rage
Books
 n - a book of Air

   Spells                             Type                      Level
   a - Shock                          Conjuration/Air              1
   b - Swiftness                      Charms/Air                   2
   c - Static Discharge               Conjuration/Air              3
   d - Airstrike                      Air                          4
   e - Lightning Bolt                 Conjuration/Air              5
 R - a book of Maledictions

   Spells                             Type                      Level
   a - Corona                         Hexes                        1
   b - Ensorcelled Hibernation        Hexes/Ice                    2
   c - Confuse                        Hexes                        3
   d - Tukima's Dance                 Hexes                        3
   e - Dazzling Spray                 Conjuration/Hexes            3
Miscellaneous
 L - a lightning rod (4/4)
 Q - a phantom mirror
Comestibles
 c - 19 rations


   Skills:
 - Level 9.0 Fighting
 + Level 18.7 Polearms
 - Level 11.3 Dodging
 - Level 2.1 Stealth
 - Level 2.0 Spellcasting
   Level 0.7 Conjurations
   Level 2.4 Air Magic


You had 14 spell levels left.
You didn't know any spells.

Dungeon Overview and Level Annotations

Branches:
Dungeon (11/15)            Temple (0/1) D:5            Lair (2/6) D:8
 Shoals (0/4) Lair:2       Spider (0/4) Lair:2          Orc (0/2) D:9

Altars:
Ashenzari
Cheibriados
Dithmenos
Fedhas
Makhleb
Okawaru
Qazlal
Vehumet

Shops:
D:4 :(=[

Annotations:
D:11 exclusion: cyclops


Message History

* * * LOW HITPOINT WARNING * * *
The centaur misses you. The centaur completely misses you.
Unknown command.
You slash the centaur!
You kill the centaur!
Dithmenos accepts your kill. The centaur barely misses you.
The centaur completely misses you.
Unknown command.
You slash the centaur!
The centaur is almost dead.
You are feeling hungry.
The centaur hits you but does no damage.
The centaur hits you.
* * * LOW HITPOINT WARNING * * *
Unknown command.
Unknown command.
You slash the centaur!
The centaur is almost dead.
The centaur hits you!
You die...

........PP..... ......P....P....
. .P.P..PP........
.§§≈≈≈..<.P.......P......
.§§≈§≈...P.....>.P..P...........P
§§≈≈≈....P....P.................P
≈≈§§≈§....PPP..PP...............#
§≈§§≈...#....P.c@................
§§§§.§......PP.c)......>.........
≈.§§........P..P.................
.....###..##..P.P(...............
...##....######..................
#..##.....## #†.........P##.....
####P......####..(...>...####.P#.
#..................(...# #####
#...................(..### #


You could see 2 centaurs.

Vanquished Creatures
  2 two-headed ogres
  Joseph (D:10)
  An elephant (D:7)
  3 spiny frogs
  A jumping spider (Lair:2)
  3 hippogriffs
  A redback (Lair:2)
  A shadow (D:11)
  Sigmund (D:4)
  A wyvern (D:10)
  3 basilisks
  6 yaks
  4 hungry ghosts
  A warg (D:9)
  10 water moccasins
  4 porcupines
  3 orc warriors (D:9)
  3 ice beasts
  A sky beast (D:10)
  3 phantoms
  2 black bears
  5 wolves (Lair:1)
  4 centaurs
  4 ogres
  A big kobold (D:7)
  9 bullfrogs
  A wyvern zombie (D:8)
  4 scorpions
  8 killer bees
  2 howler monkeys
  A crimson imp (D:9)
  2 jellies
  4 hounds
  5 orc priests
  A centaur skeleton (D:5)
  3 iguanas
  2 bullfrog skeletons
  9 orc wizards
  7 worker ants
  A hound zombie (D:8)
  2 hound skeletons
  A worker ant zombie (D:10)
  3 gnolls (D:8)
  A howler monkey skeleton (D:10)
  9 adders
  3 oozes
  2 adder skeletons
  4 worms
  4 dart slugs
  3 leopard geckos
  52 orcs
  5 giant cockroaches
  8 hobgoblins
  2 jackals (D:4)
  10 kobolds
  6 quokkas
  2 ball pythons
  9 bats
  10 frilled lizards
  10 goblins
  A leopard gecko skeleton (D:4)
  A quokka zombie (D:6)
  12 rats
288 creatures vanquished.

Vanquished Creatures (collateral kills)
  A necrophage (D:9)
  An orc priest (D:9)
  An orc (D:9)
3 creatures vanquished.

Vanquished Creatures (others)
  An orc warrior (D:9)
  3 fungi (Lair:1)
  A plant (Lair:2)
5 creatures vanquished.

Grand Total: 296 creatures vanquished

Notes
Turn   | Place    | Note
-------+----------+-------------------------------------------
     0 | D:1      | removed the Merfolk Air Elementalist began the quest for the Orb.
     0 | D:1      | Reached XP level 1. HP: 13/13 MP: 3/3
    44 | D:1      | Reached skill level 1 in Polearms
   336 | D:1      | Reached skill level 2 in Polearms
   459 | D:1      | Reached XP level 2. HP: 16/19 MP: 5/5
   720 | D:1      | Reached skill level 3 in Polearms
   822 | D:1      | Reached XP level 3. HP: 24/24 MP: 6/6
  1198 | D:1      | Reached skill level 4 in Polearms
  1332 | D:2      | Found a shattered altar of Ashenzari.
  1718 | D:2      | Reached skill level 5 in Polearms
  1748 | D:2      | Found a faded altar of an unknown god.
  1804 | D:2      | Reached XP level 4. HP: 30/30 MP: 7/7
  1849 | D:2      | Found a stormy altar of Qazlal.
  2598 | D:3      | Reached skill level 6 in Polearms
  2615 | D:3      | Reached skill level 1 in Fighting
  2615 | D:3      | Reached XP level 5. HP: 23/37 MP: 8/8
  3813 | D:4      | Found Afrechim's Jewellery Emporium.
  3952 | D:4      | Reached XP level 6. HP: 40/47 MP: 9/9
  4251 | D:4      | Noticed Sigmund
  4319 | D:4      | Found Ritog's Weapon Shop.
  4347 | D:4      | Found Cufromp's Book Boutique.
  4522 | D:4      | Noticed a water moccasin
  4537 | D:4      | Killed a water moccasin
  4537 | D:4      | Reached skill level 7 in Polearms
  4537 | D:4      | Reached XP level 7. HP: 16/52 MP: 10/10
  4746 | D:4      | Found a shadowy altar of Dithmenos.
  4770 | D:4      | Reached skill level 8 in Polearms
  4800 | D:4      | Became a worshipper of Dithmenos the Shadowed
  5309 | D:4      | Found an iron altar of Okawaru.
  5424 | D:4      | Found Matwin's Antique Armour Boutique.
  5489 | D:4      | Found a burning altar of Makhleb.
  5490 | D:4      | Found a blossoming altar of Fedhas.
  5501 | D:4      | Reached skill level 9 in Polearms
  5671 | D:5      | Entered Level 5 of the Dungeon
  6126 | D:5      | Found a staircase to the Ecumenical Temple.
  6567 | D:5      | Reached skill level 10 in Polearms
  7311 | D:6      | Reached XP level 8. HP: 51/60 MP: 11/11
  7324 | D:6      | Got a brightly glowing leather armour
  7335 | D:6      | Identified the +1 leather armour "Laup" {MR+ Str+2} (You found it on level 6 of the Dungeon)
  7693 | D:6      | Reached skill level 5 in Dodging
  7851 | D:6      | You fall through a shaft!
  8207 | D:7      | Reached * piety under Dithmenos
  8486 | D:7      | Reached skill level 5 in Fighting
  8592 | D:7      | Reached XP level 9. HP: 65/69 MP: 12/12
  8716 | D:7      | Found a snail-covered altar of Cheibriados.
  8716 | D:7      | Found a radiant altar of Vehumet.
  9017 | D:8      | Reached skill level 11 in Polearms
  9033 | D:8      | Noticed a two-headed ogre
  9070 | D:8      | Noticed a two-headed ogre
  9072 | D:8      | Noticed an elephant
  9331 | D:8      | Reached skill level 12 in Polearms
  9479 | D:8      | Found a staircase to the Lair.
  9950 | D:8      | Killed a two-headed ogre
  9950 | D:8      | Reached ** piety under Dithmenos
  9950 | D:8      | Reached skill level 10 in Dodging
  9950 | D:8      | Reached XP level 10. HP: 77/80 MP: 13/13
 10092 | D:7      | Killed an elephant
 10501 | D:8      | Noticed a two-headed ogre
 11293 | D:9      | Noticed a two-headed ogre
 11547 | D:9      | Reached *** piety under Dithmenos
 11571 | D:9      | Reached skill level 13 in Polearms
 12126 | D:9      | Found a staircase to the Orcish Mines.
 12236 | D:9      | Found a burning altar of Makhleb.
 12567 | D:9      | Killed a two-headed ogre
 12567 | D:9      | Reached skill level 14 in Polearms
 12816 | D:10     | Entered Level 10 of the Dungeon
 12977 | D:10     | Reached XP level 11. HP: 73/89 MP: 14/14
 12979 | D:10     | Reached skill level 15 in Polearms
 13071 | D:10     | Noticed Joseph
 13085 | D:10     | Killed Joseph
 13450 | D:10     | Reached skill level 16 in Polearms
 14046 | D:4      | Found Ritog's Weapon Shop.
 14048 | D:4      | Found Cufromp's Book Boutique.
 14062 | D:4      | Found Matwin's Antique Armour Boutique.
 14099 | D:4      | Killed Sigmund
 14758 | D:11     | Noticed a cyclops
 15405 | Lair:1   | Entered Level 1 of the Lair of Beasts
 15433 | D:8      | HP: 4/89 [poisoned by a water moccasin]
 16006 | Lair:1   | Reached skill level 17 in Polearms
 16893 | Lair:2   | Reached **** piety under Dithmenos
 16893 | Lair:2   | Reached skill level 18 in Polearms
 16901 | Lair:2   | HP: 4/89 [poisoned by a spiny frog]
 16907 | Lair:2   | HP: 3/89 [poisoned by a spiny frog]
 16915 | Lair:2   | HP: 3/89 [poisoned by a spiny frog]
 17264 | Lair:2   | Found a hole to the Spider Nest.
 17383 | Lair:2   | Found a staircase to the Shoals.
 17540 | Lair:2   | Slain by a centaur

Skill      XL: |  1  2  3  4  5  6  7  8  9 10 11 |
---------------+----------------------------------+-----
Polearms       | 2 3 5 6 7 10 12 14 18 | 18.7
Fighting       | 1 3 6 8 9 |  9.0
Dodging        | 4 8 10 11 | 11.3
Stealth        | |  2.1
Spellcasting   | |  2.0
Conjurations   | |  0.7
Air Magic      | |  2.4

Action                   |  1- 3 |  4- 6 |  7- 9 | 10-12 || total
-------------------------+-------+-------+-------+-------++-------
Melee: Spear             |   134 |   194 |   471 |   335 ||  1134
       Short sword       |       |     7 |    14 |       ||    21
       Glaive            |       |       |       |   322 ||   322
Evoke: Wand              |       |       |       |     8 ||     8
  Use: Potion            |       |     1 |     2 |     4 ||     7
       Scroll            |       |       |     9 |    13 ||    22
 Stab: Sleeping          |    14 |     8 |    10 |     7 ||    39
       Distracted        |     1 |     1 |       |     3 ||     5
  Eat: Chunk             |     3 |     8 |    19 |    16 ||    46
       Ration            |       |       |     1 |     3 ||     4
Armor: Robe              |     6 |    12 |     5 |       ||    23
       Leather armour    |       |       |    19 |    44 ||    63
       Skin              |       |       |     2 |    30 ||    32
Dodge: Dodged            |    48 |    91 |   164 |   479 ||   782
